 Dungeon Crawl Stone Soup version 0.21-a0-264-g3e31e41 (webtiles) character file.

175 tidbits the Insei (level 5, -1/39 HPs)
             Began as a Demigod Transmuter on Sept 9, 2017.
             Slain by a water moccasin (9 damage)
             ... on level 6 of the Dungeon.
             The game lasted 00:14:52 (1648 turns).

tidbits the Insei (Demigod Transmuter)              Turns: 1648, Time: 00:14:53

Health: -1/39      AC:  2    Str: 13    XL:     5   Next: 8%
Magic:  15/19      EV: 20    Int: 19    God:
Gold:   204        SH:  0    Dex: 25    Spells: 2/8 levels left

rFire    . . .     SeeInvis .     - Unarmed
rCold    . . .     Gourm    .   (shield currently unavailable)
rNeg     . . .     Faith    .   (armour currently unavailable)
rPois    x         Spirit   .   (helmet currently unavailable)
rElec    .         Reflect  .   (cloak currently unavailable)
rCorr    .         Harm     .   (gloves currently unavailable)
MR       .....                  (boots currently unavailable)
Stlth    ++........             (no amulet)
HPRegen  0.13/turn              g - ring of magical power
MPRegen  0.16/turn              X - +4 ring of dexterity

@: spider-form (expiring)
A: high mp 1
a: End Transformation


You were on level 6 of the Dungeon.
You were not hungry.
You were a venomous arachnid creature.
You visited 1 branch of the dungeon, and saw 6 of its levels.

You collected 204 gold pieces.

Inventory:

Hand Weapons
 m - a +0 short sword
Missiles
 a - 14 arrows
 e - 41 bolts
 h - 48 stones (quivered)
 l - 10 tomahawks
 n - 95 sling bullets
Armour
 B - a +0 robe (melded)
 C - a +0 cloak (melded)
Jewellery
 g - a ring of magical power (left front leg)
   (You found it on level 1 of the Dungeon)
 X - a +4 ring of dexterity (right front leg)
   (You found it on level 5 of the Dungeon)
Scrolls
 p - a scroll of immolation {unknown}
 u - a scroll of amnesia {unknown}
 v - a scroll of teleportation
Potions
 b - a potion of invisibility {unknown}
 f - a potion of brilliance
 i - 2 potions of flight
 j - a potion of ambrosia
 k - a potion of curing {unknown}
 s - a potion of degeneration {unknown}
 t - a potion of resistance {unknown}
 w - a potion of heal wounds {unknown}
Books
 c - a book of Changes

   Spells                             Type                      Level
   a - Beastly Appendage              Transmutation                1
   b - Sticks to Snakes               Transmutation                2
   c - Spider Form                    Transmutation/Poison         3
   d - Ice Form                       Ice/Transmutation            4
   e - Blade Hands                    Transmutation                5
Comestibles
 d - 3 bread rations
 o - a fruit
 q - a royal jelly
 r - 2 meat rations


   Skills:
 - Level 0.8 Fighting
 - Level 1.7 Dodging
 * Level 4.6 Unarmed Combat
 - Level 2.0 Spellcasting
 + Level 3.1 Transmutations


You had 2 spell levels left.
You knew the following spells:

 Your Spells              Type           Power        Failure   Level  Hunger
e - Beastly Appendage     Tmut           ##....       14%         1    #......
k - Sticks to Snakes      Tmut           ##......     19%         2    ###....
p - Spider Form           Tmut/Pois      #.........   47%         3    ###....


Dungeon Overview and Level Annotations

Branches:
Dungeon (6/15)             Temple (0/1) D:4

Annotations:
D:3 p0werm0de's ghost, weakling DsFE


Innate Abilities, Weirdness & Mutations

You have an increased reservoir of magic. (+10% MP)


Message History

Your transformation is almost over.
You see here 13 gold pieces.
You now have 187 gold pieces (gained 13).
Your transformation has ended.
Your +0 cloak unmelds from your body.
Your +0 robe unmelds from your body.
You open the door.
There is an open door here.
A hound comes into view.
The hound barks!
Casting: Spider Form
Confirm with . or Enter, or press ? or * to list all spells.
You turn into a venomous arachnid creature.
Your +0 cloak melds into your body.
Your +0 robe melds into your body.
Casting: Spider Form
Confirm with . or Enter, or press ? or * to list all spells.
You create a snake!
You now have 15 arrows.
Your transformation is almost over.
The hound misses you.
You hit the hound but do no damage.
The hound is poisoned.
The hound bites you.
You barely miss the hound. The hound bites you. The hound closely misses you.
You barely miss the hound.
The hound is lightly wounded.
Your water moccasin closely misses the hound.
The hound completely misses you.
Your water moccasin bites the hound.
You hit the hound.
The hound looks even sicker.
The hound is lightly wounded.
The hound bites you.
Your water moccasin bites the hound!
The hound looks as sick as possible!
Your water moccasin poisons the hound!
The hound bites you.
You closely miss the hound.
The hound is severely wounded.
Your water moccasin bites the hound!
The hound dies!
You have reached level 5!
You see here a hound corpse.
Found a glowing spear.
You open the door.
Found 16 bolts.
Your transformation has ended.
Your +0 cloak unmelds from your body.
Your +0 robe unmelds from your body.
There is an open door here.
You see here 16 bolts.
e - 41 bolts (gained 16)
You open the door.
There is an open door here.
Found a scroll labeled ATSIOT LIBRADI.
Your water moccasin withers and dies!
You see here a scroll labeled ATSIOT LIBRADI.
u - a scroll labeled ATSIOT LIBRADI You open the door.
Found 17 gold pieces.
There is an open door here.
You see here 12 gold pieces.
You now have 199 gold pieces (gained 12).
You see here 5 gold pieces.
You now have 204 gold pieces (gained 5).
The water moccasin appears out of thin air!
A water moccasin comes into view.
Casting: Sticks to Snakes
Confirm with . or Enter, or press ? or * to list all spells.
You create a snake!
You now have 14 arrows.
The water moccasin hisses angrily.
Casting: Sticks to Snakes
Confirm with . or Enter, or press ? or * to list all spells.
You turn into a venomous arachnid creature.
Your +0 cloak melds into your body.
Your +0 robe melds into your body.
Your ball python barely misses the water moccasin.
Your ball python misses the water moccasin.
You closely miss the water moccasin. The water moccasin bites you!
You hit the water moccasin.
The water moccasin is lightly wounded.
The water moccasin closely misses you.
Your ball python bites the water moccasin but does no damage.
Your ball python grabs the water moccasin.
Your ball python constricts the water moccasin.
The water moccasin bites you!
* * * LOW HITPOINT WARNING * * *
You hit the water moccasin but do no damage.
The water moccasin is lightly wounded.
Your ball python bites the water moccasin but does no damage.
Your ball python constricts the water moccasin.
The water moccasin closely misses you.
You hit the water moccasin.
The water moccasin is poisoned.
The water moccasin is moderately wounded.
Your ball python barely misses the water moccasin.
Your ball python constricts the water moccasin.
The water moccasin bites you.
* * * LOW HITPOINT WARNING * * *
Your ball python bites the water moccasin but does no damage.
Your ball python constricts the water moccasin.
You hit the water moccasin but do no damage.
The water moccasin is moderately wounded.
The water moccasin closely misses you.
Your ball python bites the water moccasin but does no damage.
Your ball python constricts the water moccasin.
You bite the water moccasin!
The water moccasin is heavily wounded.
Your transformation is almost over.
The water moccasin bites you!
You die...

......#......
......#......#
####..#......#####
.###..# #........#
...#....#........#
...# ..#........#
...# #........#
'###+####......SS##
..##...#........s.#
.......#..........+
.......#..........#
.......#..........#
.......#..........#
####...#..........#
.###...#.....######
.#.....'.....#
.+.....#.....#


You could see a water moccasin and a friendly ball python.

Vanquished Creatures
  An orc wizard (D:3)
  A worker ant zombie (D:5)
  An adder (D:2)
  A shadow imp (D:4)
  2 oozes (D:2)
  2 worms
  10 orcs
  2 ball pythons (D:2)
  5 bats
  3 giant cockroaches
  5 goblins
  2 hobgoblins
  10 jackals
  10 kobolds
  3 quokkas (D:2)
  2 frilled lizards
  5 rats
65 creatures vanquished.

Vanquished Creatures (collateral kills)
  A hound (D:6)
  An adder (D:3)
  A worm (D:2)
  A rat (D:2)
4 creatures vanquished.

Grand Total: 69 creatures vanquished

Notes
Turn   | Place    | Note
-------+----------+-------------------------------------------
     0 | D:1      | tidbits the Demigod Transmuter began the quest for the Orb.
     0 | D:1      | Reached XP level 1. HP: 15/15 MP: 5/5
   116 | D:1      | Reached skill level 2 in Spellcasting
   194 | D:2      | Reached skill level 3 in Unarmed Combat
   285 | D:2      | Reached XP level 2. HP: 20/22 MP: 7/7
   287 | D:2      | Reached skill level 2 in Transmutations
   586 | D:2      | Reached XP level 3. HP: 25/27 MP: 8/8
   602 | D:2      | Learned a level 2 spell: Sticks to Snakes
   644 | D:3      | Noticed p0werm0de's ghost (weakling DsFE)
   652 | D:2      | Learned a level 3 spell: Spider Form
   834 | D:3      | Reached skill level 4 in Unarmed Combat
   834 | D:3      | Reached XP level 4. HP: 22/34 MP: 9/9
  1060 | D:3      | Reached skill level 3 in Transmutations
  1119 | D:4      | Found a staircase to the Ecumenical Temple.
  1208 | D:5      | Entered Level 5 of the Dungeon
  1600 | D:6      | Reached XP level 5. HP: 24/39 MP: 10/10
  1639 | D:6      | Noticed a water moccasin
  1648 | D:6      | Slain by a water moccasin

Vault maps used:
D:1:      dpeg_chamrin_arrival_tetris, minmay_misc_feat_nine_boxes
D:3:      hangedman_decor_peaks_small, minmay_misc_feat_encased,
          tgw_kikubaaqudgha
D:4:      minmay_temple_entry_glassed_door, first_bread, uniq_pikel
D:5:      lemuel_castle_with_subvaults, serial_shops, shop, uniq_menkaure

Skill      XL: |  1  2  3  4 |
---------------+-------------+-----
Spellcasting   | 2 |  2.0
Unarmed Combat | 3 4 |  4.6
Transmutations | 2 3 |  3.1
Fighting       | |  0.8
Dodging        | |  1.7

Action                   |  1- 3 |  4- 6 || total
-------------------------+-------+-------++-------
Melee: Unarmed           |   100 |    72 ||   172
       Headbutt          |    13 |       ||    13
       Kick              |     5 |       ||     5
Throw: Stone             |     1 |       ||     1
 Cast: Beastly Appendage |    20 |       ||    20
       Spider Form       |     5 |    16 ||    21
       Sticks to Snakes  |     3 |     5 ||     8
  Use: Scroll            |     2 |     1 ||     3
       Potion            |     1 |       ||     1
 Stab: Sleeping          |     2 |     1 ||     3
  Eat: Chunk             |     1 |     5 ||     6
Armor: Robe              |    15 |     2 ||    17
       Skin              |     1 |     1 ||     2
Dodge: Dodged            |    70 |    52 ||   122

Table legend:
 A = Spawn XP
 B = Non-spawn XP
 C = Spawn XP percentage of total XP
 D = Spawn monster count
 E = Non-spawn monster count
 F = Spawn count percentage of total count
 G = Total turns spent on level
                    A         B        C        D         E        F      G
               +---------+---------+-------+---------+---------+-------+---------
         Total |       0 |     251 |   0.0 |       0 |      69 |   0.0 |  1648
               +---------+---------+-------+---------+---------+-------+---------
           D:1 |       0 |      12 |   0.0 |       0 |       7 |   0.0 |   300
           D:2 |       0 |      86 |   0.0 |       0 |      33 |   0.0 |   514
           D:3 |       0 |      81 |   0.0 |       0 |      17 |   0.0 |   261
           D:4 |       0 |      18 |   0.0 |       0 |       6 |   0.0 |   282
           D:5 |       0 |      27 |   0.0 |       0 |       5 |   0.0 |   203
           D:6 |       0 |      27 |   0.0 |       0 |       1 |   0.0 |    88
               +---------+---------+-------+---------+---------+-------+---------

Table legend:
 A = Turns spent in this place as a percentage of turns spent in the entire game.
 B = Non-inter-level travel turns spent in this place as a percentage of non-inter-level travel turns spent in the entire game.
 C = Inter-level travel turns spent in this place as a percentage of turns spent in this place.
 D = Turns resting spent in this place as a percentage of non-inter-level travel turns spent in this place.
 E = Turns spent auto-exploring this place as a percentage of non-inter-level travel turns spent in this place.
 F = Non-inter-level travel turns spent in this place divided by the number of levels of this place that you've seen.
                   A       B       C       D       E      F
               +-------+-------+-------+-------+-------+----------------------
         Total | 100.0 | 100.0 |   5.2 |   0.0 |   0.0 | 260.3
       Dungeon | 100.0 | 100.0 |   5.2 |   0.0 |   0.0 | 260.3
               +-------+-------+-------+-------+-------+----------------------

Table legend:
 A = Kills in this place as a percentage of kills in entire the game.
 B = Kills by you in this place as a percentage of kills by you in the entire game.
 C = Kills by friends in this place as a percentage of kills by friends in the entire game.
 D = Other kills in this place as a percentage of other kills in the entire game.
 E = Experience gained in this place as a percentage of experience gained in the entire game.
 F = Experience gained in this place divided by the number of levels of this place that you have seen.
                   A       B       C       D       E      F
               +-------+-------+-------+-------+-------+----------------------
         Total | 100.0 | 100.0 | 100.0 |   N/A | 100.0 |  41.8
       Dungeon | 100.0 | 100.0 | 100.0 |   N/A | 100.0 |  41.8
               +-------+-------+-------+-------+-------+----------------------

Vault maps used:
D:1:      dpeg_chamrin_arrival_tetris, minmay_misc_feat_nine_boxes
D:3:      hangedman_decor_peaks_small, minmay_misc_feat_encased,
          tgw_kikubaaqudgha
D:4:      minmay_temple_entry_glassed_door, first_bread, uniq_pikel
D:5:      lemuel_castle_with_subvaults, serial_shops, shop, uniq_menkaure
